 Dungeon Crawl Stone Soup version 0.19-a0-1007-g133f65f (webtiles) character file.

65 mistymad the Skirmisher (level 4, -2/37 HPs)
             Began as a Formicid Abyssal Knight on July 19, 2016.
             Was a Follower of Lugonu.
             Slain by a black bear (4 damage)
             ... on level 2 of the Dungeon.
             The game lasted 00:03:36 (1751 turns).

mistymad the Skirmisher (Formicid Abyssal Knight)   Turns: 1751, Time: 00:03:37

Health: -2/37      AC:  5    Str: 17    XL:     4   Next: 34%
Magic:  5/5        EV: 10    Int: 12    God:    Lugonu [*.....]
Gold:   92         SH:  0    Dex: 10    Spells: 0 memorised, 3 levels left

rFire  . . .     SeeInvis +     m - +0 war axe
rCold  . . .     Gourm    .     i - +0 ring mail
rNeg   . . .     Faith    .     (no shield)
rPois  .         Spirit   .     (helmet unavailable)
rElec  .         Dismiss  .     (no cloak)
rCorr  .         Reflect  .     (no gloves)
SustAt .         Harm     .     (no boots)
MR     .....                    (no amulet)
Stlth  ..........               (no ring)
                                (no ring)

@: not resistant to hostile enchantments, extremely unstealthy
A: permanent stasis, dig shafts and tunnels, four strong arms, antennae 3
a: Dig, Shaft Self, Depart the Abyss, Renounce Religion


You were on level 2 of the Dungeon.
You worshipped Lugonu.
Lugonu was aware of your devotion.
You were hungry.

You visited 1 branch of the dungeon, and saw 2 of its levels.
You visited the Abyss 1 time.

You collected 92 gold pieces.

Inventory:

Hand Weapons
 m - a +0 war axe (weapon)
Armour
 i - a +0 ring mail (worn)
Scrolls
 b - 2 scrolls of teleportation {unknown}
 d - a scroll of immolation {unknown}
 e - a scroll of enchant weapon {unknown}
 g - a scroll of identify {unknown}
 h - a scroll of magic mapping {unknown}
 j - a scroll of fog {unknown}
Potions
 l - a potion of curing {unknown}
Comestibles
 c - 2 bread rations
 f - 2 royal jellies


   Skills:
 + Level 4.0 Fighting
 + Level 3.1 Axes
 + Level 3.1 Armour
 - Level 0.8 Dodging
 - Level 2.1 Invocations


You had 3 spell levels left.
You didn't know any spells.

Dungeon Overview and Level Annotations

Branches:
Dungeon (2/15)

Altars:
Kikubaaqudgha


Innate Abilities, Weirdness & Mutations

You are under a permanent stasis effect.
You can dig through walls and to a lower floor.
Your four strong arms can wield two-handed weapons with a shield.
You have a pair of large antennae on your head. (SInv)


Message History

You take 1 damage, and have 20/37 hp.
Unknown command.
The black bear bites you. The black bear closely misses you.
The black bear claws you.
You take 3 damage, and have 17/37 hp.
The black bear barely misses you. x2; The black bear claws you.
You take 2 damage, and have 15/37 hp.
The black bear bites you.
* * * LOW HITPOINT WARNING * * *
The black bear barely misses you.
The black bear claws you but does no damage.
You take 6 damage, and have 9/37 hp.
The black bear bites you.
* * * LOW HITPOINT WARNING * * *
The black bear claws you.
* * * LOW HITPOINT WARNING * * *
The black bear misses you.
You take 7 damage, and have 2/37 hp.
The black bear bites you.
You die...

#.......# #### #.......# ## #...
##.....## #.# #...
##.....#######.## #...
#...........##..# #...
#...#######.##..# ####... ###
#...#.....#.##..# #...... ..#
##..#.....#..#..######.##...
#.#####..'.....#@........##.##...
<.....##.#.....#h........##.#....
..###.##.#######.................
#..##.........................#.#
.............................#..#
####.......##.#......>.#....##.##
####.......##..............###.#
.....).....##............####..##
...........#..........#.#......##


You could see a black bear (berserk).

Vanquished Creatures
  3 adders (D:2)
  3 worms (D:2)
  A dart slug (D:1)
  A giant gecko (D:1)
  2 giant cockroaches
  5 goblins
  A hobgoblin (D:1)
  2 jackals (D:2)
  A ball python (D:1)
  A bat (D:1)
  A giant newt (D:1)
  3 kobolds
  4 rats
28 creatures vanquished.

Notes
Turn   | Place    | Note
-------+----------+-------------------------------------------
     0 | Abyss:1  | mistymad the Formicid Abyssal Knight began the quest for the Orb.
     0 | Abyss:1  | Reached XP level 1. HP: 18/18 MP: 2/2
    31 | Abyss:1  | Noticed a phantasmal warrior
    85 | D:1      | Escaped the Abyss
   265 | D:1      | Reached * piety under Lugonu
   265 | D:1      | Reached XP level 2. HP: 21/24 MP: 3/3
   695 | D:2      | Found an ancient bone altar of Kikubaaqudgha.
   707 | D:2      | Reached XP level 3. HP: 12/30 MP: 4/4
  1302 | D:2      | Reached skill level 4 in Fighting
  1302 | D:2      | Reached XP level 4. HP: 24/37 MP: 5/5
  1713 | D:2      | Noticed a black bear
  1751 | D:2      | Slain by a black bear

Vault maps used:
D:1:      lightli_arrival_windingriver
D:2:      nrook_mini_vaults, tgw_kikubaaqudgha

Skill      XL: |  1  2  3  4 |
---------------+-------------+-----
Fighting       | 4 |  4.0
Axes           | 3 |  3.1
Armour         | 3 |  3.1
Dodging        | |  0.8
Invocations    | |  2.1

Action                   |  1- 3 |  4- 6 || total
-------------------------+-------+-------++-------
Melee: Hand axe          |    87 |       ||    87
       War axe           |       |    35 ||    35
Invok: Depart the Abyss  |     1 |       ||     1
 Abil: Dig               |     1 |       ||     1
  Eat: Chunk             |     1 |     1 ||     2
Armor: Ring mail         |    28 |    15 ||    43
Dodge: Dodged            |    45 |    37 ||    82
